 Dungeon Crawl Stone Soup version 0.25-a0-737-g26c3a87 (webtiles) character file.

Game seed: 9353838676401388327, levelgen mode: deterministic

79 JarJarBinks the Shooter (level 4, -3/37 HPs)
             Began as a Centaur Hunter on Apr 12, 2020.
             Killed by divine providence
             ... invoked by an orc priest
              (14 damage)
             ... on level 3 of the Dungeon.
             The game lasted 00:07:09 (1564 turns).

JarJarBinks the Shooter (Centaur Hunter)            Turns: 1564, Time: 00:07:09

Health: -3/37      AC:  4    Str: 18    XL:     4   Next: 17%
Magic:  4/4        EV: 10    Int: 10    God:
Gold:   119        SH:  0    Dex: 10    Spells: 3/3 levels left

rFire    . . .     SeeInvis .   i - +3 dagger (venom)
rCold    . . .     Gourm    .   (no shield)
rNeg     . . .     Faith    .   c - +0 leather armour
rPois    .         Spirit   .   (no helmet)
rElec    .         Reflect  .   (no cloak)
rCorr    .         Harm     .   (no gloves)
MR       .....                  (no barding)
Stlth    +.........             (no amulet)
HPRegen  0.12/turn              g - +3 ring of strength
MPRegen  0.09/turn              (no ring)

@: very quick
A: large, hooves 3, deformed body, speed 2, tough skin 3
a: no special abilities


You were on level 3 of the Dungeon.
You were not hungry.

You visited 1 branch of the dungeon, and saw 3 of its levels.

You collected 119 gold pieces.

Inventory:

Hand Weapons
 a - a +1 shortbow
 b - a +0 short sword
 i - a +3 dagger of venom (weapon)
 l - a +0 mace
 m - a +0 spear
 n - a +0 falchion
Missiles
 h - 48 arrows
Armour
 c - a +0 leather armour (worn)
Jewellery
 e - an uncursed ring of ice
 g - a +3 ring of strength (left hand)
Scrolls
 d - 2 scrolls of identify
 j - a scroll of fog {unknown}
 k - a scroll of remove curse {unknown}
 p - a scroll of fear {unknown}
 r - a scroll of immolation {unknown}
Potions
 o - a potion of curing {unknown}
 q - 2 potions of stabbing {unknown}
Comestibles
 f - 3 rations


   Skills:
 + Level 2.9 Fighting
 + Level 6.2 Bows
 + Level 2.2 Dodging
 - Level 0.4 Stealth


You had 3 spell levels left.
You didn't know any spells.
Your spell library was empty.

Dungeon Overview and Level Annotations

Branches:
Dungeon (3/15)

Altars:
Okawaru
Trog


Innate Abilities, Weirdness & Mutations

You have hooves in place of feet.
Armour fits poorly on your strangely shaped body.
You cover ground very quickly.
You have extremely tough skin. (AC +3)


Message History

Your kick misses the bat. The bat barely misses you.
An orc comes into view. It is wielding a +0 whip.
The orc shouts!
The bat hits you but does no damage.
You see here a ring of ice.
You barely miss the bat. You kick the bat.
The bat is heavily wounded.
The bat closely misses you. The bat hits you.
The orc priest invokes the aid of Beogh against you.
Pain shoots through your body! The bat hits you.
The orc priest invokes the aid of Beogh against you.
Beogh smites you!
* * * LOW HITPOINT WARNING * * *
The bat hits you but does no damage.
There is an open door here.
The bat hits you but does no damage.
The orc priest mumbles some strange prayers to Beogh against you.
Beogh smites you!
You die...

# ##.......#.#
..##..........##
....o.$.........
....o........#
#.......#
##oo...## ##...##
##b## #@# #.#
##.## ##...##
#####.....#
#........##
...###.##########
#.#.###.#.........
# #.......########


You could see 2 orc priests, 2 orcs and a bat.

Vanquished Creatures
  An adder (D:2)
  5 dart slugs
  4 bats (D:2)
  3 giant cockroaches
  11 goblins
  11 hobgoblins
  6 jackals (D:1)
  A quokka (D:2)
  A ball python (D:1)
  3 frilled lizards
  2 kobolds (D:2)
  4 rats
52 creatures vanquished.

Notes
Turn   | Place    | Note
-------+----------+-------------------------------------------
     0 | D:1      | JarJarBinks the Centaur Hunter began the quest for the Orb.
     0 | D:1      | Reached XP level 1. HP: 17/17 MP: 1/1
    46 | D:1      | Reached XP level 2. HP: 19/24 MP: 2/2
   203 | D:1      | Reached XP level 3. HP: 6/30 MP: 3/3
   657 | D:1      | Found an iron altar of Okawaru.
   877 | D:2      | Reached skill level 6 in Bows
  1180 | D:2      | Found a bloodstained altar of Trog.
  1205 | D:2      | Reached XP level 4. HP: 22/37 MP: 4/4
  1564 | D:3      | Killed from afar by an orc priest

Levels and vault maps discovered:
D:1:      saegor_arrival_simple_a, layout_rooms, okawaru_ov_weapons_minmay
D:2:      layout_loops_ring, trog_hazing_becter
D:3:      layout_loops_corners, grunt_temple_overflow_gold_and_silver,
          gammafunk_temple_overflow_arena, uniq_grinder

Skill      XL: |  1  2  3 |
---------------+----------+-----
Bows           | 6 |  6.2
Dodging        | 2 |  2.2
Fighting       | |  2.9
Stealth        | |  0.4

Action                   |  1- 3 |  4- 6 || total
-------------------------+-------+-------++-------
Melee: Short sword       |    15 |       ||    15
       Dagger            |    58 |    11 ||    69
       Kick              |    14 |     1 ||    15
 Fire: Shortbow          |    43 |     9 ||    52
  Use: Scroll            |       |     1 ||     1
  Eat: Ration            |       |     1 ||     1
Armor: Leather armour    |    33 |    11 ||    44
Dodge: Dodged            |    53 |     9 ||    62

Table legend:
 A = Non-vault XP
 B = Vault XP
 C = Vault XP percentage of total XP
 D = Non-vault monster count
 E = Vault monster count
 F = Vault count percentage of total count
                 A         B        C        D         E       F
            +---------+---------+-------+---------+---------+-------
      Total |     102 |      12 |  10.5 |      46 |       6 |  11.5
            +---------+---------+-------+---------+---------+-------
        D:1 |      55 |       0 |   0.0 |      27 |       0 |   0.0
        D:2 |      42 |      12 |  22.2 |      16 |       6 |  27.3
        D:3 |       5 |       0 |   0.0 |       3 |       0 |   0.0
            +---------+---------+-------+---------+---------+-------
